 Dungeon Crawl Stone Soup version 0.26-a0-812-g31a745ddcd (webtiles) character file.

Game seed: 15167557292604285266

266 Azzok the Chopper (level 6, 42/47 HPs)
             Began as a Demonspawn Berserker on Nov 15, 2020.
             Was a Priest of Trog.
             Quit the game on level 4 of the Dungeon.
             The game lasted 00:02:18 (2421 turns).

Azzok the Chopper (Demonspawn Berserker)            Turns: 2421, Time: 00:02:19

Health: 42/47      AC:  7    Str: 19    XL:     6   Next: 0%
Magic:  6/6        EV: 10    Int:  8    God:    Trog [***...]
Gold:   160        SH:  0    Dex: 13    Spells: 5/5 levels left

rFire    . . .     SeeInvis .   a - +0 hand axe
rCold    . . .     Faith    .   (no shield)
rNeg     . . .     Spirit   +   f - +0 scale mail
rPois    .         Reflect  .   (helmet restricted)
rElec    .         Harm     .   h - +0 cloak
rCorr    .         Rampage  .   (no gloves)
MR       .....                  (no boots)
Stlth    ..........             (no amulet)
HPRegen  0.15/turn              (no ring)
MPRegen  0.10/turn              (no ring)

@: no status effects
A: horns 1, spiny 1, magic shield
a: Berserk, Trog's Hand, Renounce Religion


You were on level 4 of the Dungeon.
You worshipped Trog.
Trog was most pleased with you.
You visited 1 branch of the dungeon, and saw 4 of its levels.

You collected 160 gold pieces.

Inventory:

Hand Weapons
 a - a +0 hand axe (weapon)
Armour
 f - a +0 scale mail (worn)
 h - a +0 cloak (worn)
Wands
 n - a wand of digging (3)
 o - a wand of random effects (10)
Scrolls
 b - a scroll of blinking {unknown}
 c - a scroll of fog {unknown}
 d - 5 scrolls of identify {unknown}
 e - 2 scrolls of remove curse {unknown}
 i - 2 scrolls of enchant armour {unknown}
 l - 2 scrolls of teleportation {unknown}
Potions
 g - a potion of might {unknown}
 j - 2 potions of flight {unknown}
 k - a potion of curing {unknown}
 m - a potion of berserk rage {unknown}
 p - a potion of haste {unknown}
 q - a potion of heal wounds {unknown}
 r - a potion of attraction {unknown}


   Skills:
 - Level 3.0 Fighting
 + Level 6.1 Axes
 - Level 1.7 Armour
 - Level 1.7 Dodging


You had 5 spell levels left.
You didn't know any spells.
Your spell library was empty.

Dungeon Overview and Level Annotations

Branches:
Dungeon (4/15)
 Temple: D:4-7

Altars:
Kikubaaqudgha
Okawaru
Yredelemnul
Zin


Innate Abilities, Weirdness & Mutations

You have a pair of small horns on your head.
You are partially covered in sharp spines.
When hurt, damage is shared between your health and your magic reserves.


Message History

You barely miss the orc. You hit the hound but do no damage.
The hound bites you. The hound barely misses you.
You hit the orc.
The orc is moderately wounded.
You hit the hound but do no damage. You hit the jackal skeleton.
You destroy the jackal skeleton!
Trog accepts your kill. The orc hits you but does no damage.
The hound bites you but does no damage.
You hit the orc.
You kill the orc!
Trog accepts your kill.
You have reached level 6!
Your experience leads to an increase in your attributes!
Increase (S)trength, (I)ntelligence, or (D)exterity?
You feel stronger.
Your demonic ancestry asserts itself...
You feel your magical essence form a protective shroud around your flesh.
You hit the hound. The hound is struck by your spines.
The hound bites you but does no damage. The hound is struck by your spines.
The hound barely misses you.
Are you sure you want to abandon this character and quit the game? (Confirm with "yes".)

·············▒
············▒
········<···▒
············▒▒
▒··▒▒·······▒▒
▒·· ▒·▒······▒
▒··▒▒▒·····▒▒
▒···$·····▒▒
▒···h@···▒▒
▒······)·····▒
▒······B······▒
▒▒·····▒·····▒▒
▒···········▒
···············
··▒···· ·······
······▒ ·······


You could see a hound and a worker ant.

Vanquished Creatures
  3 orc wizards (D:3)
  4 gnolls (D:2)
  4 adders
  2 oozes
  2 worms
  3 dart slugs
  3 leopard geckos
  2 orcs
  A ball python (D:3)
  2 giant cockroaches
  8 goblins
  10 hobgoblins
  8 jackals (D:1)
  5 kobolds
  2 quokkas
  14 bats
  3 frilled lizards
  A jackal skeleton (D:4)
  10 rats
87 creatures vanquished.

Vanquished Creatures (others)
  A withered plant (D:2)
1 creature vanquished.

Grand Total: 88 creatures vanquished

Notes
Turn   | Place    | Note
-------+----------+-------------------------------------------
     0 | D:1      | Azzok the Demonspawn Berserker began the quest for the Orb.
     0 | D:1      | Reached XP level 1. HP: 18/18 MP: 1/1
    79 | D:1      | Reached skill level 3 in Axes
   246 | D:1      | Gained mutation: You are partially covered in sharp spines.
                  | [demonic ancestry]
   246 | D:1      | Reached XP level 2. HP: 19/24 MP: 2/2
   486 | D:1      | Reached XP level 3. HP: 29/29 MP: 3/3
   493 | D:1      | Reached ** piety under Trog
   575 | D:1      | Reached skill level 4 in Axes
   875 | D:2      | Gained mutation: You have a pair of small horns on your
                  | head. [demonic ancestry]
   875 | D:2      | Reached XP level 4. HP: 35/35 MP: 4/4
  1200 | D:2      | Reached skill level 5 in Axes
  1377 | D:2      | Found an iron altar of Okawaru.
  1396 | D:2      | Found a basalt altar of Yredelemnul.
  1405 | D:2      | Reached XP level 5. HP: 37/41 MP: 5/5
  1406 | D:2      | Reached *** piety under Trog
  1722 | D:3      | Found a glowing silver altar of Zin.
  2055 | D:3      | Found an ancient bone altar of Kikubaaqudgha.
  2079 | D:3      | Reached skill level 6 in Axes
  2420 | D:4      | Gained mutation: When hurt, damage is shared between your
                  | health and your magic reserves. [demonic ancestry]
  2420 | D:4      | Reached XP level 6. HP: 41/47 MP: 6/6
  2421 | D:4      | Quit the game

Illustrated notes

Levels and vault maps discovered:
D:1:      scummos_arrival_star, layout_loops_ring
D:2:      layout_rooms, yredelemnul_altar_generic, serial_bayou_pond_d,
          kennysheep_okawaru_gauntlet
D:3:      layout_loops_ring, nicolae_overflow_crystal_walls, zin_scriptorium
D:4:      layout_cave_pools, tgw_trog, uniq_duvessa, uniq_menkaure, uniq_edmund

Skill      XL: |  1  2  3  4  5 |
---------------+----------------+-----
Axes           | 3 4 5 6 |  6.1
Fighting       | |  3.0
Armour         | |  1.7
Dodging        | |  1.7

Action                   |  1- 3 |  4- 6 || total
-------------------------+-------+-------++-------
Melee: Hand axe          |    59 |    79 ||   138
       Headbutt          |       |    18 ||    18
Invok: Berserk           |     1 |     1 ||     2
Armor: Scale mail        |    39 |    33 ||    72
       Animal skin       |     3 |       ||     3
Dodge: Dodged            |    53 |    47 ||   100

Table legend: (Time is in decaauts)
 A = Elapsed time spent in this place.
 B = Non-inter-level travel time spent in this place.
 C = Inter-level travel time spent in this place.
 D = Time resting spent in this place.
 E = Time spent auto-exploring this place.
 F = Levels seen in this place.
 G = Mean time per level.
                   A        B        C        D        E       F      G
               +--------+--------+--------+--------+--------+-----+--------+
         Total |   2455 |   2403 |     52 |     59 |   1902 |   4 |  613.8 |
       Dungeon |   2455 |   2403 |     52 |     59 |   1902 |   4 |  613.8 |
               +--------+--------+--------+--------+--------+-----+--------+

Top non-repeatable levels by time:
     D:1: 872 daAuts
     D:2: 813 daAuts
     D:3: 755 daAuts
     D:4: 14 daAuts
